AoeStats
← _ThienLong_

Arabia

510268360Analyzed
1v1 RM · 1d ago on Sep 30, 2026· 43m 0s· 2 players
Game mode
Random Map
Map size
Tiny (2 player)
Population
200
Speed
Normal
Resources
Standard
Victory
Conquest
Starting age
Dark Age
Ending age
Imperial Age
RankedLock teamsTeams togetherTeam positionsShared explorationLock speedFull tech treeHidden civsTurbo modeCheats
Victory
Defeat
🇩🇪 Muisca · Germany
1120
+17
🇻🇳 Franks · Vietnam
1131
-17
Shark
6:38 Loom
9:42 Feudal Age
9:46 Champi Runner
10:15 Double-Bit Axe
15:10 Horse Collar
20:36 Castle Age
18:48 Scale Mail Armor
19:37 Gold Mining
20:39 Champi Warrior
21:54 Bow Saw
23:15 Chain Mail Armor
24:46 Forging
28:07 Fletching
33:30 Iron Casting
32:50 Bodkin Arrow
33:15 Squires
37:42 Imperial Age
35:45 Heavy Plow
36:57 Herbalism
37:44 Stone Mining
37:51 Bodkin Arrow
41:06 Two-Man Saw
40:53 Plate Mail Armor
41:11 Bracer
41:33 Ballistics
41:03 Elite Champi Warrior
44:07 Chemistry
43:10 Treadmill Crane
_ThienLong_
7:44 Loom
9:30 Feudal Age
10:41 Double-Bit Axe
19:25 Castle Age
19:06 Gold Mining
19:27 Crossbowman
23:27 Fletching
27:28 Scale Barding Armor
28:54 Stone Mining
39:00 Scale Mail Armor
40:01 Forging
42:13 Iron Casting
Connection lost

Rejoining the realm…

Still unreachable

The connection could not be restored.

Session expired

The server has moved on; the page needs a fresh start.